Map: Acid Plant LE

Players

Elazer

  • Race: Zerg Zerg
  • Spawn Location: 11:00

SpeCial - Winner!

  • Race: Terran Terran
  • Spawn Location: 5:00

Event: WCS Valencia 2018

VOD

Have the link to the VOD?

Description

Time

  • Played on: July 12, 2018, 2:23 p.m.
  • Length: 31:17

All games in this series

Show
View Real Time Build Order
Export as new Build Order

Elazer Zerg 

Build Orders: Hatch First 

Get SALT Encoding   

  12  0:00  Drone  
  13  0:12  Overlord  
  13  0:17  Drone  
  14  0:31  Drone x2  
  16  0:47  Hatchery  
  15  0:52  Drone  
  15  0:55  Drone  
  17  0:58  Drone  
  18  1:09  Extractor  
  17  1:14  Spawning Pool  
  17  1:17  Drone  
  17  1:20  Drone  
  18  1:29  Drone  
  19  1:39  Drone  
  20  1:49  Drone  
  21  2:00  Queen  
  21  2:01  Queen  
  23  2:02  Zergling x4  
  27  2:19  Overlord, Hatchery  
  26  2:23  Drone  
  26  2:26  Drone  
  28  2:31  Metabolic Boost  
  27  2:38  Drone x2  
  27  2:42  Drone  
  30  2:47  Queen  
  30  2:51  Overlord  
  32  2:54  Drone  
  32  2:57  Drone  
  34  2:59  Drone  
  34  3:05  Drone  
  36  3:11  Drone x2  
  36  3:12  Drone x2  
  40  3:21  Overlord  
  40  3:22  Drone  
  40  3:25  Queen  
  40  3:26  Drone  
  44  3:30  Queen  
  44  3:31  Drone  
  47  3:35  Zergling x2  
  47  3:39  Zergling x4  
  47  3:40  Zergling x2  
  47  3:41  Zergling x2  
  52  3:50  Overlord  
  52  3:51  Drone x2  
  52  3:52  Drone  
  52  3:54  Drone  
  56  3:56  Drone  
  56  3:57  Drone  
  58  4:08  Queen  
  58  4:09  Drone x2  
  61  4:10  Drone  
  61  4:11  Drone x2  
  61  4:15  Drone  
  65  4:18  Overlord  
  65  4:21  Lair  
  65  4:27  Overlord  
  65  4:36  Drone x2  
  65  4:37  Drone x6  
  73  4:39  Overlord  
  73  4:42  Extractor  
  73  4:45  Overlord, Evolution Chamber  
  71  4:46  Evolution Chamber  
  71  4:48  Zergling x6  
  73  4:54  Overlord  
  73  4:57  Extractor  
  73  4:59  Overlord, Drone  
  73  5:00  Extractor  
  73  5:01  Drone x4  
  73  5:02  Baneling Nest  
  75  5:08  Overlord, Drone  
  75  5:09  Drone  
  75  5:12  Zerg Ground Armor Level 1  
  77  5:14  Extractor  
  77  5:16  Spore Crawler x2  
  77  5:17  Spore Crawler  
  77  5:18  Drone  
  77  5:20  Drone x4  
  78  5:22  Drone x3  
  78  5:23  Drone  
  78  5:26  Zerg Melee Weapons Level 1  
  82  5:29  Drone  
  82  5:30  Drone x2  
  82  5:31  Drone x2  
  82  5:33  Drone  
  88  5:41  Drone  
  89  5:44  Zergling x4  
  91  5:53  Overlord, Hatchery  
  91  5:54  Centrifical Hooks  
  90  5:57  Zergling x14  
  97  6:06  Overlord  
  97  6:09  Zergling x8  
  101  6:16  Hatchery, Overlord, Burrow  
  101  6:17  Zergling x2  
  101  6:18  Zergling x2  
  102  6:25  Zergling x14  
  108  6:35  Baneling x6, Zergling x2  
  108  6:36  Zergling x8  
  108  6:38  Zergling x2  
  114  6:44  Baneling x6  
  114  6:48  Overlord, Hydralisk Den  
  114  6:49  Zergling x6  
  116  7:01  Drone x7  
  121  7:08  Extractor, Infestation Pit  
  116  7:09  Drone x3  
  116  7:11  Drone  
  116  7:14  Zerg Missile Weapons Level 1  
  117  7:18  Roach Warren  
  117  7:19  Overlord  
  117  7:20  Muscular Augments  
  117  7:21  Hydralisk x3  
  122  7:25  Overlord  
  122  7:26  Drone  
  122  7:27  Drone x2  
  122  7:28  Extractor, Drone  
  125  7:33  Drone  
  125  7:34  Drone  
  127  7:38  Overseer  
  127  7:40  Drone x4  
  127  7:41  Hydralisk x5  
  127  7:43  Extractor  
  140  7:46  Overlord, Hive  
  140  7:53  Hydralisk x5  
  150  8:01  Glial Reconstitution  
  150  8:06  Zerg Ground Armor Level 2  
  150  8:10  Hatchery  
  149  8:13  Roach x5  
  149  8:14  Overseer  
  159  8:20  Overlord  
  159  8:22  Roach x4  
  167  8:28  Roach x3  
  173  8:36  Overlord  
  173  8:39  Grooved Spines  
  171  8:43  Drone x4  
  171  8:44  Spine Crawler x2, Drone x2  
  171  8:46  Spine Crawler  
  173  8:57  Roach x7  
  173  8:59  Overlord x2  
  187  9:09  Spore Crawler, Viper  
  189  9:23  Viper x2  
  195  9:39  Overlord  
  195  9:42  Hydralisk x6  
  198  9:51  Zerg Missile Weapons Level 2  
  185  9:55  Hydralisk  
  185  9:56  Hydralisk x6  
  185  9:59  Viper  
  184  10:15  Roach x7  
  196  10:22  Tunneling Claws  
  196  10:29  Hatchery  
  196  10:34  Spore Crawler  
  194  10:42  Viper  
  163  10:58  Hydralisk x11  
  163  11:00  Viper x2  
  141  11:12  Roach x12  
  141  11:16  Roach x4  
  161  11:20  Roach x2  
  165  11:26  Roach x3  
  171  11:33  Hydralisk  
  171  11:34  Hydralisk x2  
  177  11:44  Roach  
  177  11:45  Roach x3  
  185  11:52  Extractor  
  185  11:54  Spine Crawler, Drone x3  
  186  11:55  Spine Crawler  
  186  11:56  Spine Crawler, Hydralisk x4  
  184  12:01  Hatchery  
  184  12:03  Drone x2  
  184  12:05  Zerg Ground Armor Level 3  
  184  12:06  Evolution Chamber x2  
  181  12:15  Zerg Missile Weapons Level 3, Extractor  
  180  12:16  Drone x3  
  180  12:18  Drone x5  
  180  12:20  Roach x7  
  186  12:30  Viper  
  186  12:35  Roach x5  
  194  12:44  Drone  
  194  12:47  Drone x2, Roach x6  
  194  12:50  Spine Crawler, Viper  
  194  12:51  Spine Crawler  
  186  13:07  Viper  
  186  13:08  Viper  
  164  13:19  Hydralisk x11  
  186  13:20  Roach  
  186  13:25  Roach x5  
  196  13:27  Roach x2  
  196  13:28  Roach x2  
  196  13:29  Roach  
  196  13:30  Roach  
  187  13:52  Viper x2  
  187  13:54  Roach  
  187  13:55  Hydralisk  
  170  13:56  Roach x12  
  194  14:06  Roach x2  
  198  14:18  Roach x3  
  198  14:19  Roach  
  196  14:24  Hydralisk  
  196  14:25  Roach x3  
  158  14:45  Viper x3  
  131  14:46  Hydralisk  
  131  14:47  Hydralisk x10, Roach  
  160  14:53  Extractor, Drone x4  
  160  14:54  Drone  
  160  14:57  Roach  
  160  14:58  Roach x7  
  178  15:06  Hatchery, Roach  
  185  15:07  Roach x3  
  185  15:16  Overseer x2  
  185  15:18  Roach x6  
  197  15:23  Roach x2  
  197  15:34  Roach x2  
  190  15:54  Roach x2  
  190  15:55  Roach x5  
  190  15:56  Roach x3  
  198  16:00  Roach  
  155  16:28  Viper x4  
  155  16:32  Evolution Chamber  
  164  16:33  Evolution Chamber  
  164  16:35  Drone x11  
  164  16:39  Hydralisk x10  
  194  16:45  Extractor  
  194  16:46  Hydralisk  
  194  16:47  Hydralisk  
  189  17:17  Hatchery  
  174  17:23  Spire  
  170  17:30  Roach x10  
  170  17:32  Drone x5  
  192  17:49  Roach  
  192  17:50  Roach x3  
  187  18:02  Hydralisk x5  
  187  18:03  Viper x2  
  179  18:23  Roach x9  
  199  18:28  Overseer  
  199  18:29  Overseer x2  
  191  18:42  Hatchery, Roach  
  191  18:43  Roach x3  
  138  19:03  Hydralisk  
  138  19:04  Hydralisk x10  
  148  19:10  Roach x5  
  156  19:18  Hydralisk x6  
  168  19:25  Hydralisk  
  168  19:29  Roach x2  
  168  19:35  Extractor  
  168  19:37  Hatchery, Roach x7  
  171  19:43  Roach  
  162  19:51  Hydralisk x9  
  174  19:58  Roach  
  174  19:59  Roach x3  
  176  20:06  Roach x2  
  176  20:11  Hydralisk x4  
  180  20:18  Roach  
  180  20:21  Hydralisk  
  172  20:26  Hydralisk  
  172  20:27  Hydralisk x2  
  174  20:35  Roach x5  
  176  20:45  Drone x2  
  176  20:46  Drone x4  
  176  20:47  Hatchery  
  181  20:54  Roach x5  
  191  20:57  Overlord  
  191  20:58  Roach x9  
  191  21:00  Overseer x2  
  191  21:01  Overseer x2  
  180  21:19  Drone x16  
  180  21:23  Drone x12  
  178  21:33  Drone x2  
  178  21:34  Drone x5  
  182  21:40  Drone  
  182  21:41  Extractor, Drone x2  
  182  21:43  Spore Crawler  
  182  21:44  Spore Crawler  
  182  21:45  Hydralisk x4  
  189  22:00  Roach x5  
  189  22:20  Roach  
  189  22:21  Roach x3  
  189  22:22  Mutalisk, Hydralisk, Roach  
  173  22:23  Hydralisk x9  
  173  22:25  Drone x4  
  190  22:39  Roach x3  
  188  22:49  Overlord x2  
  161  23:01  Viper x5  
  165  23:06  Extractor x2  
  165  23:08  Drone  
  165  23:09  Drone x2  
  149  23:14  Hydralisk  
  149  23:15  Hydralisk x4  
  140  23:27  Roach x6  
  140  23:34  Roach x3  
  150  23:39  Hatchery  
  140  24:01  Roach x12  
  145  24:19  Roach x8  
  161  24:30  Drone x3  
  162  24:39  Overlord  
  162  24:40  Overlord x2  
  162  24:46  Drone x3  
  162  24:47  Drone x3  
  162  24:52  Drone x2  
  107  25:18  Hydralisk  
  107  25:19  Roach x16  
  117  25:24  Drone x3  
  117  25:27  Drone x4  
  118  25:45  Hatchery  
  113  26:02  Drone  
  113  26:03  Drone x2  
  116  26:04  Drone x2  
  116  26:05  Drone  
  116  26:11  Viper x2  
  111  26:15  Drone x11  
  121  26:35  Viper  
  124  26:40  Viper  
  124  26:45  Roach x4  
  124  26:46  Overseer  
  127  26:52  Overseer  
  118  27:09  Roach x4  
  124  27:22  Drone x5  
  117  27:27  Ravager x2  
  117  27:28  Ravager  
  112  27:49  Roach x6  
  112  27:50  Roach x2  
  106  28:00  Hydralisk  
  106  28:01  Hydralisk  
  85  28:20  Hydralisk  
  85  28:22  Roach  
  85  28:23  Roach x5  
  87  28:34  Roach x3  
  78  28:46  Roach x3  
  78  28:47  Roach x3  
  78  28:58  Roach x3  
  82  29:06  Roach  
  79  29:18  Hydralisk x3  
  71  29:36  Hatchery  
  70  29:40  Hydralisk x4  
  64  30:17  Hydralisk x2  
  68  30:29  Extractor  
Show
View Real Time Build Order
Export as new Build Order

SpeCial Terran - Winner!

Build Orders: Hellion Opening, Reaper Expand, Mech 

Get SALT Encoding   

  12  0:00  SCV  
  13  0:12  SCV  
  14  0:17  Supply Depot  
  14  0:24  SCV  
  15  0:38  SCV  
  15  0:39  Barracks  
  16  0:43  Refinery  
  16  0:50  SCV  
  17  1:02  SCV  
  18  1:14  SCV  
  19  1:28  Reaper  
  19  1:29  Orbital Command  
  20  1:40  Command Center  
  20  1:55  SCV  
  20  1:56  Supply Depot  
  20  2:00  Marine  
  22  2:05  Factory  
  22  2:07  SCV  
  23  2:11  Refinery  
  23  2:19  SCV  
  23  2:22  Barracks Reactor  
  24  2:31  SCV  
  25  2:43  SCV  
  26  2:52  Orbital Command  
  26  2:53  Starport  
  26  2:56  SCV  
  27  3:05  Barracks Tech Lab, Hellion x2  
  31  3:10  SCV  
  33  3:20  SCV  
  33  3:22  SCV  
  33  3:26  Hellion x2  
  38  3:31  Viking  
  38  3:32  SCV  
  41  3:34  SCV  
  41  3:36  Supply Depot  
  42  3:44  SCV  
  42  3:46  SCV  
  44  3:51  Hellion  
  46  3:57  SCV  
  46  3:58  SCV, Hellion  
  46  3:59  Supply Depot  
  50  4:04  Supply Depot  
  50  4:12  SCV  
  50  4:15  SCV  
  50  4:22  Starport Tech Lab  
  50  4:24  SCV  
  50  4:26  Marine x2  
  50  4:27  SCV  
  50  4:28  Command Center  
  50  4:29  Siege Tank  
  57  4:36  SCV  
  58  4:39  SCV  
  58  4:40  Supply Depot  
  58  4:42  Raven  
  61  4:48  SCV  
  61  4:50  Marine x2  
  61  4:51  SCV  
  65  4:57  Refinery x2  
  65  5:00  SCV  
  65  5:01  Siege Tank  
  65  5:05  Supply Depot  
  69  5:08  Marine x2  
  69  5:09  SCV  
  69  5:12  SCV  
  73  5:21  SCV  
  74  5:25  SCV  
  77  5:29  Armory  
  77  5:31  Armory  
  77  5:33  SCV  
  78  5:38  Factory  
  78  5:39  SCV  
  78  5:41  Orbital Command  
  77  5:44  Hellion x2  
  77  5:45  SCV  
  77  5:47  Factory  
  82  5:51  SCV  
  83  5:57  SCV  
  83  6:03  SCV  
  85  6:05  Hellion  
  85  6:06  Hellion  
  85  6:09  SCV  
  90  6:14  Command Center  
  90  6:15  SCV  
  90  6:17  Supply Depot  
  91  6:19  Orbital Command, Terran Vehicle Weapons Level 1  
  91  6:20  Terran Vehicle And Ship Armor Level 1  
  91  6:21  SCV  
  92  6:28  SCV  
  93  6:33  SCV  
  93  6:37  Hellion x2  
  98  6:40  Siege Tank x2, SCV  
  98  6:45  SCV x2  
  107  6:48  Refinery  
  107  6:50  Refinery  
  107  6:52  SCV  
  108  6:57  SCV  
  108  6:58  SCV  
  108  7:04  SCV  
  108  7:08  Starport Reactor  
  107  7:09  SCV  
  107  7:10  SCV  
  109  7:16  Supply Depot  
  109  7:18  Siege Tank, Supply Depot, SCV  
  109  7:19  Siege Tank  
  109  7:21  SCV, Hellion x5  
  117  7:25  SCV  
  117  7:27  Orbital Command, Supply Depot  
  117  7:28  Engineering Bay  
  117  7:29  Factory  
  118  7:30  SCV, Factory  
  118  7:33  SCV, Liberator  
  118  7:36  Hellion x2  
  124  7:37  SCV  
  124  7:42  Supply Depot  
  124  7:43  SCV  
  126  7:45  SCV  
  126  7:48  Supply Depot x2  
  126  7:49  SCV  
  126  7:50  Siege Tank  
  134  7:55  SCV  
  134  7:57  SCV, Hellion x2  
  140  7:59  Siege Tank  
  140  8:01  SCV, Infernal Pre-Igniter  
  144  8:06  Supply Depot  
  144  8:07  SCV  
  144  8:09  SCV  
  146  8:14  SCV  
  146  8:15  Factory Reactor, Factory Tech Lab  
  146  8:19  SCV, Hellion x2  
  152  8:20  Orbital Command  
  152  8:27  Refinery  
  152  8:28  Siege Tank  
  152  8:29  Liberator x2  
  152  8:30  SCV  
  152  8:31  Siege Tank  
  152  8:32  Refinery  
  152  8:33  Missile Turret  
  157  8:34  Terran Vehicle Weapons Level 2  
  157  8:36  Supply Depot, Terran Vehicle And Ship Armor Level 2  
  157  8:40  Hellion  
  159  8:44  Hellion  
  166  8:56  Siege Tank  
  166  8:57  Hellion x2  
  166  8:59  Supply Depot  
  166  9:01  Hellion  
  175  9:15  Factory  
  175  9:17  Factory, Hellion  
  175  9:18  Siege Tank, Hellion x2  
  175  9:20  Siege Tank  
  175  9:23  Supply Depot, Hellion  
  189  9:29  Viking x2  
  193  9:33  Siege Tank  
  194  9:43  Hellion x2  
  194  9:44  SCV x2  
  194  9:45  SCV x2  
  175  9:50  Siege Tank, Hellion  
  167  9:53  Siege Tank, Hellion  
  167  9:56  SCV  
  167  9:57  SCV x3  
  167  9:59  Viking x2  
  180  10:05  Siege Tank  
  177  10:11  SCV x3  
  177  10:12  Sensor Tower  
  177  10:13  SCV  
  181  10:17  Hellion x3  
  181  10:18  Factory Tech Lab  
  181  10:20  Factory Reactor  
  177  10:22  Siege Tank  
  177  10:23  SCV x2  
  177  10:25  Siege Tank  
  184  10:31  Viking  
  184  10:32  Viking  
  184  10:33  SCV x2  
  184  10:35  SCV  
  187  10:49  Siege Tank  
  172  10:50  Siege Tank  
  150  10:59  Terran Vehicle Weapons Level 3  
  150  11:01  Hellion x2  
  150  11:02  Siege Tank, Hellion x3  
  133  11:06  Hellion  
  126  11:17  Siege Tank  
  123  11:22  Hellion x2  
  123  11:23  Viking x2, Hellion x2  
  123  11:24  Siege Tank  
  138  11:31  Terran Vehicle And Ship Armor Level 3  
  138  11:39  Hellion  
  140  11:44  Command Center  
  140  11:47  Siege Tank  
  140  11:48  Hellion x3  
  140  11:49  Hellion  
  140  11:50  Sensor Tower  
  140  11:52  Siege Tank  
  154  11:57  Viking x2  
  158  12:06  Barracks  
  158  12:07  Barracks  
  158  12:08  Barracks  
  158  12:09  Ghost Academy  
  158  12:12  Barracks  
  158  12:15  Siege Tank  
  158  12:16  Siege Tank  
  164  12:24  Hellion x2  
  164  12:25  Missile Turret  
  165  12:30  Siege Tank  
  165  12:34  Hellion  
  165  12:38  Missile Turret  
  165  12:41  SCV x2  
  165  12:43  Viking x2  
  169  12:45  Siege Tank  
  169  12:48  Siege Tank x2  
  170  12:55  Barracks Tech Lab x3  
  170  12:59  Barracks  
  170  13:00  Supply Depot  
  163  13:09  Siege Tank  
  150  13:25  Smart Servos  
  150  13:28  Siege Tank x2  
  150  13:30  Ghost x2  
  150  13:31  Missile Turret, Barracks Tech Lab, Ghost  
  162  13:35  Planetary Fortress  
  162  13:44  Refinery  
  162  13:46  Viking x2  
  162  13:47  Missile Turret  
  160  13:48  Hellion  
  160  13:52  Ghost  
  147  13:55  SCV x2  
  147  13:56  SCV  
  148  14:04  Missile Turret  
  148  14:05  Ghost, Hellion x2  
  150  14:11  Sensor Tower  
  150  14:13  Barracks Tech Lab  
  150  14:17  Siege Tank x2  
  150  14:21  Ghost  
  150  14:23  Refinery  
  158  14:30  Hellion x3  
  164  14:33  Siege Tank, Hellion x2  
  154  14:39  Ghost x2  
  154  14:44  Ghost  
  140  14:46  Hellion x2  
  140  14:49  Ghost  
  141  14:55  Siege Tank  
  141  14:58  Hellion x2  
  148  15:03  Ghost  
  150  15:07  Siege Tank  
  150  15:08  Hellion x3  
  159  15:15  Siege Tank  
  159  15:17  Refinery, Missile Turret  
  159  15:20  Hellion x2  
  166  15:24  Viking  
  166  15:28  Personal Cloaking  
  167  15:32  SCV x4  
  167  15:35  Hellion  
  171  15:39  Siege Tank  
  161  15:43  Ghost  
  161  15:45  Hellion  
  165  15:51  Viking  
  165  15:54  Viking  
  169  15:58  Ghost Academy  
  169  16:09  Siege Tank  
  170  16:17  SCV x4  
  153  16:27  Siege Tank  
  153  16:28  Siege Tank  
  153  16:29  SCV x4  
  153  16:32  Hellion  
  163  16:41  SCV x3  
  163  16:42  Siege Tank  
  163  16:43  Hellion  
  172  16:47  SCV  
  172  16:48  Missile Turret  
  172  16:53  Ghost  
  172  16:54  Nuke  
  174  16:55  Siege Tank  
  174  17:00  SCV  
  178  17:04  Ghost  
  178  17:07  Siege Tank  
  183  17:12  Hellion  
  183  17:14  Missile Turret  
  183  17:15  Ghost  
  185  17:19  Ghost  
  184  17:24  Siege Tank  
  188  17:37  Hellion  
  188  17:38  Command Center  
  182  17:45  Siege Tank  
  183  17:56  Ghost x2  
  173  17:59  Siege Tank  
  173  18:05  Ghost  
  172  18:07  Hellion x2  
  172  18:10  Siege Tank  
  177  18:18  Hellion  
  176  18:20  Ghost  
  176  18:24  Hellion x3  
  184  18:28  SCV x2  
  186  18:34  Ghost  
  186  18:44  Ghost x2  
  186  18:48  Hellion x2  
  186  18:55  Hellion x2  
  177  19:00  Ghost  
  177  19:01  Ghost  
  159  19:07  Refinery  
  153  19:14  SCV x4  
  153  19:16  Siege Tank x2  
  163  19:22  Hellion x2  
  167  19:27  Hellion x2  
  171  19:36  Hellion  
  171  19:37  Hellion x2  
  177  19:38  Siege Tank  
  177  19:43  Hellion  
  180  19:48  Siege Tank  
  180  19:51  Hellion x2  
  182  19:55  Hellion  
  182  19:57  Siege Tank  
  181  20:01  Hellion  
  181  20:05  Refinery  
  180  20:08  SCV  
  180  20:11  Hellion x2  
  180  20:12  SCV x2  
  180  20:16  Refinery, Orbital Command  
  180  20:17  Siege Tank, Hellion  
  171  20:24  SCV x2  
  171  20:26  Siege Tank  
  171  20:27  Hellion x2  
  165  20:38  Hellion  
  165  20:39  Hellion x2  
  165  20:41  Siege Tank  
  174  20:43  SCV  
  175  20:57  Engineering Bay  
  175  20:59  Siege Tank  
  175  21:02  Engineering Bay  
  178  21:05  Siege Tank, Hellion x2  
  185  21:14  Siege Tank  
  185  21:15  Ghost  
  185  21:17  Hellion  
  186  21:20  Hellion  
  186  21:21  Hellion  
  174  21:36  Siege Tank  
  174  21:39  Missile Turret, Hellion  
  169  21:45  Siege Tank x2  
  169  21:46  Hellion  
  177  21:47  Missile Turret  
  177  21:48  Missile Turret, Hellion  
  177  21:49  Missile Turret  
  177  21:52  Planetary Fortress  
  179  21:59  Hellion  
  176  22:10  Hellion  
  176  22:11  Siege Tank  
  180  22:21  Hellion  
  175  22:22  Siege Tank  
  175  22:23  Siege Tank  
  169  22:30  Marauder  
  169  22:31  Ghost  
  169  22:33  Missile Turret  
  164  22:42  Siege Tank  
  144  22:52  Siege Tank  
  145  23:01  Ghost  
  144  23:08  Ghost  
  144  23:10  Hellion  
  142  23:18  Hellion x3  
  148  23:22  Siege Tank  
  148  23:25  Hellion x2  
  151  23:33  Missile Turret  
  149  23:35  Siege Tank x2  
  149  23:36  Hellion x2  
  159  23:42  Missile Turret  
  159  23:46  Hellion x2  
  161  23:48  Hellion  
  161  23:49  Missile Turret  
  161  23:50  Missile Turret  
  161  23:51  Hellion  
  161  23:54  Siege Tank  
  163  23:57  Missile Turret, Hellion  
  163  24:02  Hellion  
  167  24:09  Siege Tank, Hellion  
  170  24:10  Ghost, Hellion  
  170  24:13  Hellion  
  170  24:16  Hellion  
  176  24:20  Hellion  
  178  24:29  Missile Turret  
  178  24:37  Hellion x2  
  176  24:39  Siege Tank  
  173  24:52  Siege Tank x2  
  179  24:56  Ghost  
  162  25:11  Siege Tank  
  138  25:16  Marauder  
  138  25:19  Hellion x2  
  129  25:25  Orbital Command  
  129  25:26  Hellion x2  
  133  25:43  Siege Tank  
  133  25:46  Siege Tank  
  133  25:47  Hellion  
  141  25:56  Hellion  
  141  26:00  Hellion  
  141  26:01  Siege Tank  
  141  26:03  Hellion  
  146  26:15  Siege Tank  
  146  26:17  Hellion  
  149  26:22  Refinery x2  
  147  26:26  Command Center  
  141  26:40  Siege Tank  
  141  26:41  Hellion  
  141  26:42  Hellion x3  
  141  26:43  Hellion  
  152  26:52  Viking  
  154  26:55  Missile Turret, Viking  
  157  27:08  Siege Tank  
  157  27:09  Hellion  
  157  27:20  Siege Tank x2  
  157  27:22  Hellion  
  133  27:23  Hellion  
  133  27:28  Ghost  
  134  27:38  Hellion  
  133  27:47  Siege Tank x2  
  136  27:56  Hellion  
  136  27:57  Siege Tank  
  137  27:59  Hellion x2  
  137  28:01  Viking  
  135  28:07  Viking  
  135  28:12  Hellion x2  
  132  28:18  Siege Tank  
  128  28:24  Hellion x2  
  130  28:36  Viking  
  130  28:37  Viking  
  130  28:39  Hellion  
  133  28:47  Siege Tank  
  133  28:48  Hellion  
  138  28:57  Hellion x2  
  138  29:00  Siege Tank  
  143  29:10  Viking x2  
  143  29:15  Siege Tank  
  143  29:16  Orbital Command  
  133  29:17  Hellion  
  133  29:18  Hellion x3  
  133  29:23  Siege Tank  
  128  29:39  Missile Turret  
  128  29:47  Siege Tank  
  128  29:51  Hellion x2  
  135  29:56  Hellion x5  
  135  29:57  Siege Tank  
  138  30:06  Siege Tank, Hellion  
  141  30:07  Hellion  
  141  30:08  Missile Turret  
  141  30:13  Refinery, Hellion  
  145  30:17  Missile Turret  
  145  30:20  Hellion  
  145  30:21  Orbital Command  
  147  30:29  Siege Tank  
  147  30:30  Siege Tank  
  151  30:37  Siege Tank  
  151  30:45  Siege Tank, Hellion  
  151  30:47  Hellion  
Tags
 
Add a new tag
Caveats
  • Supply blocks, unpowered buildings, or Contaminate may cause inaccurate times.
  • Supply counts are checked every 10 seconds.